 Dungeon Crawl Stone Soup version 0.31-a0-955-gcb8bc90ed4 (webtiles) character file.

Game seed: 16618881833396750658

206 Bnni the Chopper (level 5, -2/48 HPs)
             Began as a Hill Orc Monk on Oct 22, 2023.
             Slain by a gnoll bouda
             ... wielding a +0 club
              (5 damage)
             ... on level 4 of the Dungeon.
             The game lasted 00:03:11 (2914 turns).

Bnni the Chopper (Hill Orc Monk)                    Turns: 2914, Time: 00:03:11

Health: -2/48      AC:  7    Str: 16    XL:     5   Next: 84%
Magic:  5/5        EV: 11    Int: 10    God:
Gold:   163        SH:  0    Dex: 13    Spells: 4/4 levels left

rFire   . . .        t - +2 short sword (venom)
rCold   . . .        d - orb {light}
rNeg    . . .        h - +0 ring mail
rPois   .            m - +0 helmet
rElec   .            (no cloak)
rCorr   .            (no gloves)
SInv    .            u - +0 pair of boots
Will    .....        (no amulet)
Stlth   +            (no ring)
HPRegen 0.28/turn    (no ring)
MPRegen 0.09/turn

%: no passive effects
@: glowing
A: no striking features
a: no special abilities


You were on level 4 of the Dungeon.
You visited 1 branch of the dungeon, and saw 4 of its levels.

You collected 163 gold pieces.

Inventory:

Hand Weapons
 s - a +2 antimagic hand axe
 t - a +2 short sword of venom (weapon)
Missiles
 a - 3 poisoned darts
Armour
 d - an orb of light (worn)
 h - a +0 ring mail (worn)
 m - a +0 helmet (worn)
 u - a +0 pair of boots (worn)
Scrolls
 b - a scroll of vulnerability {unknown}
 f - 3 scrolls of teleportation {unknown}
 j - 2 scrolls of immolation {unknown}
 k - 2 scrolls of poison {unknown}
 l - 2 scrolls of identify {unknown}
 n - a scroll of fog {unknown}
 o - a scroll of revelation {unknown}
 q - a scroll of noise {unknown}
Potions
 c - a potion of ambrosia
 e - a potion of heal wounds
 i - a potion of curing
 p - a potion of berserk rage {unknown}
 r - a potion of cancellation {unknown}


   Skills:
 + Level 5.2 Fighting
 * Level 7.2 Axes
 - Level 2.4 Dodging


You had 4 spell levels left.
You didn't know any spells.
Your spell library contained the following spells:

 Spells                   Type           Power      Damage    Failure   Level
 Apportation              Tloc           0%         N/A       58%         1
 Necrotise                Necr           0%         1d4       58%         1
 Summon Small Mammal      Summ           0%         N/A       58%         1


Dungeon Overview and Level Annotations

Branches:
Dungeon (4/15)
 Temple: D:4-7

Altars:
Wu Jian
Yredelemnul


Message History

The gnoll is lightly wounded.
You feel very sick. The gnoll barely misses you.
The gnoll hits you with a +2 spear of venom.
You are more poisoned.
You hit the gnoll.
The gnoll looks as sick as possible!
The gnoll is heavily wounded.
You feel very sick. The gnoll completely misses you.
The gnoll bouda hits you with a +0 club.
The gnoll hits you with a +2 spear of venom.
* * * LOW HITPOINT WARNING * * *
You are lethally poisoned!
It was a potion of heal wounds.
You feel much better.
You feel very sick. The gnoll misses you.
The gnoll hits you with a +2 spear of venom.
You are more poisoned.
The gnoll bouda hits you with a +0 club.
You hit the gnoll.
You kill the gnoll!
You feel very sick.
The gnoll hits you from afar with a +0 spear.
* * * LOW HITPOINT WARNING * * *
The gnoll bouda closely misses you.
Unknown command.
It was a potion of curing.
You feel better.
The gnoll hits you from afar with a +0 spear.
The gnoll bouda hits you with a +0 club.
You hit the gnoll bouda.
The gnoll bouda is lightly wounded.
The gnoll closely misses you.
The gnoll bouda hits you with a +0 club!
* * * LOW HITPOINT WARNING * * *
You hit the gnoll bouda.
The gnoll bouda is moderately wounded.
The gnoll hits you from afar with a +0 spear.
* * * LOW HITPOINT WARNING * * *
The gnoll bouda hits you with a +0 club.
You die...

##.... #.....
#.<..# #....##
#.....#
.?g..##
#)g..## #@)..#
##...##
##...## ##...#
...... ##..##
##......
#...###.......
##...##.......
##..##.......
##..#......#


You could see a gnoll bouda and a gnoll (swift).

Vanquished Creatures
  A hound (D:3)
  Robin (D:2)
  An adder (D:4)
  2 gnolls (D:4)
  2 ufetubi (D:3)
  3 worms (D:2)
  3 dart slugs
  10 orcs
  6 bats
  7 endoplasms
  3 giant cockroaches
  14 goblins
  10 hobgoblins
  5 jackals
  2 quokkas
  4 ball pythons
  4 frilled lizards
  7 kobolds
  5 rats
90 creatures vanquished.

Notes
Turn   | Place    | Note
-------+----------+-------------------------------------------
     0 | D:1      | Bnni the Hill Orc Monk began the quest for the Orb.
     0 | D:1      | Reached XP level 1. HP: 19/19 MP: 1/1
   116 | D:1      | Reached XP level 2. HP: 15/27 MP: 2/2
   344 | D:1      | Reached skill level 5 in Axes
   356 | D:1      | Reached XP level 3. HP: 27/33 MP: 3/3
  1105 | D:2      | Noticed Robin
  1124 | D:2      | Reached XP level 4. HP: 30/41 MP: 4/4
  1134 | D:2      | Killed Robin
  1282 | D:2      | Reached skill level 6 in Axes
  1688 | D:3      | Found a basalt altar of Yredelemnul.
  1698 | D:3      | Reached XP level 5. HP: 43/47 MP: 5/5
  1750 | D:3      | Found an ornate altar of the Wu Jian Council.
  1836 | D:3      | Reached skill level 5 in Fighting
  2847 | D:4      | Reached skill level 7 in Axes
  2914 | D:4      | Slain by a gnoll bouda

Illustrated notes

Levels and vault maps discovered:
D:1:      dpeg_arrival_radiant, layout_basic, serial_forest,
          infiniplex_forest_end_3, infiniplex_forest_clump_medium,
          infiniplex_forest_straight_4, infiniplex_forest_pool,
          chequers_serial_rivers_micro_c, minmay_box_of_dots
D:2:      layout_basic, uniq_robin
D:3:      layout_basic, mainiacjoe_overflow_concentric_impassable,
          mainiacjoe_overflow_boulevard
D:4:      layout_cave_pods, temple_green

Skill      XL: |  1  2  3  4  5 |
---------------+----------------+-----
Fighting       | 4 5 |  5.2
Axes           | 5 6 7 |  7.2
Dodging        | |  2.4

Action                     |  1- 3 |  4- 6 || total
---------------------------+-------+-------++-------
  Melee: Hand axe          |    40 |       ||    40
         Dagger            |    59 |   106 ||   165
         Short sword       |       |    30 ||    30
    Use: Potion            |       |     2 ||     2
 Armour: Robe              |    24 |       ||    24
         Ring mail         |    32 |   100 ||   132
  Dodge: Dodged            |    62 |    87 ||   149

Table legend: (Time is in decaauts)
 A = Elapsed time spent in this place.
 B = Non-inter-level travel time spent in this place.
 C = Inter-level travel time spent in this place.
 D = Time resting spent in this place.
 E = Time spent auto-exploring this place.
 F = Levels seen in this place.
 G = Mean time per level.
                   A        B        C        D        E       F      G
               +--------+--------+--------+--------+--------+-----+--------+
         Total |   2916 |   2861 |     55 |      0 |   2315 |   4 |  729.0 |
       Dungeon |   2916 |   2861 |     55 |      0 |   2315 |   4 |  729.0 |
               +--------+--------+--------+--------+--------+-----+--------+

Top non-repeatable levels by time:
     D:1: 1009 daAuts
     D:3: 991 daAuts
     D:2: 656 daAuts
     D:4: 259 daAuts
